[Event "Team 45 45 League T64"]
[Site "Internet Chess Club"]
[Date "2015.04.12"]
[Round "6"]
[White "alexping"]
[Black "RubberDuck"]
[Result "0-1"]
[WhiteElo "1870"]
[BlackElo "1912"]
[Opening "Grünfeld: Botvinnik variation"]
[ECO "D95"]
[Time "12:14:26"]
[TimeControl "2700+45"]

1. d4 Nf6 2. c4 g6 3. Nf3 Bg7 4. Nc3 d5 5. e3 O-O 6. Qb3 e6 7. Qc2 b6 8. b3 Bb7
9. Ba3 Re8 10. c5 Nbd7 11. Na4 c6 12. cxb6 axb6 13. Bd6 c5 14. Bb5 Ne4 15. Bg3
Rc8 16. Bxd7 Qxd7 17. Nxb6 Qb5 18. Nxc8 Rxc8 19. Qb2 Ba6 20. a3 cxd4 21. Nxd4
Qd3 22. Rd1 Bxd4 23. exd4 Qc2 24. Qxc2 Rxc2 25. h4 Nc3 26. Bd6 Re2+ 27. Kf1 Rd2+
28. Kg1 Rxd1+ 29. Kh2 Rxd4 30. Rc1 Ne2 {White resigns} 0-1

[Event "Team 45 45 League T64"]
[Site "Internet Chess Club"]
[Date "2015.04.13"]
[Round "6"]
[White "fledermaus"]
[Black "bobhill"]
[Result "0-1"]
[WhiteElo "1929"]
[BlackElo "1925"]
[Opening "QGD: Charousek (Petrosian) variation"]
[ECO "D31"]
[Time "16:07:12"]
[TimeControl "2700+45"]

1. d4 d5 2. c4 e6 3. Nc3 Be7 4. Nf3 h6 5. Bf4 Nf6 6. e3 O-O 7. Qc2 c6 8. h3 Na6
9. a3 Nc7 10. Be2 Nce8 11. c5 Nd7 12. O-O b6 13. b4 bxc5 14. bxc5 Qa5 15. Qa4
Qxa4 16. Nxa4 f6 17. Rfc1 g5 18. Bg3 f5 19. Ne5 Nxe5 20. Bxe5 Nf6 21. Rab1 Nd7
22. f4 Nxe5 23. fxe5 Bd8 24. Bd3 f4 25. Rf1 Ba5 26. exf4 gxf4 27. Rb2 Bd7 28.
Rb7 Be8 29. g3 Bd2 30. gxf4 Bxf4 31. Kh1 Bh5 32. Rg1+ Bg5 33. h4 Rf2 34. Rg3 Rf3
35. Rg1 Rh3+ 36. Kg2 Rxh4 37. Nb2 Rxd4 38. Kf2 Rf4+ 39. Ke1 Rf7 40. Rxf7 Kxf7
41. Rf1+ Ke7 42. Rh1 Bf7 43. Kd1 Rg8 44. Kc2 Bf4 45. Rh4 Rg2+ 46. Kb3 Bxe5 47.
Na4 h5 48. Rb4 Rg3 49. Kc2 Bg6 50. Bxg6 Rxg6 51. Rb7+ Kf6 52. Rxa7 Rg2+ 53. Kb3
h4 54. Rh7 Rg3+ 55. Kb4 h3 56. Nb6 Kg6 57. Re7 Bc3+ 58. Ka4 Kf6 59. Rh7 Bb2 60.
Nd7+ Kf5 61. Ka5 Rb3 62. a4 Kg4 63. Ka6 Kg3 64. Ka7 Ra3 65. Kb6 Rxa4 66. Kxc6
Rh4 {White resigns} 0-1

[Event "Team 45 45 League T64"]
[Site "Internet Chess Club"]
[Date "2015.04.13"]
[Round "6"]
[White "misuc56"]
[Black "jonesey"]
[Result "1-0"]
[WhiteElo "1789"]
[BlackElo "1841"]
[Opening "Old Indian defense"]
[ECO "A53"]
[Time "17:16:17"]
[TimeControl "2700+45"]

1. d4 d6 2. c4 Nf6 3. h3 g6 4. Nc3 Bg7 5. Nf3 O-O 6. e3 Nbd7 7. Be2 Re8 8. O-O
e5 9. Bd2 c6 10. Rc1 Qe7 11. a3 Nf8 12. Qb3 h6 13. d5 c5 14. e4 N6h7 15. Nh2 g5
16. Qd1 f5 17. exf5 Bxf5 18. g4 Bd7 19. f3 Ng6 20. Bd3 Nf4 21. Bxf4 gxf4 22. Ne4
Kf7 23. Qe1 Rh8 24. h4 Rag8 25. b4 Nf6 26. bxc5 Nxe4 27. Bxe4 Bf6 28. cxd6 Qd8
29. h5 Bh4 30. Qb4 b6 31. c5 Bg3 32. Rc2 bxc5 33. Qxc5 Qh4 34. Qxa7 Rd8 35. Bf5
Kf8 36. Bxd7 Rh7 37. Qc7 Rhxd7 38. Qc3 Qf6 39. Re2 Re8 40. Rd1 Qxd6 41. Nf1 Bh4
42. Rd3 Bf6 43. Qb4 Qxb4 44. axb4 Rb8 45. Nd2 Rxb4 46. Ne4 Bd8 47. Kg2 Rd4 48.
Rxd4 exd4 49. d6 Kf7 50. Rd2 Bb6 51. Rb2 Ba7 52. Kf1 d3 53. Rd2 Ke6 54. Rxd3 Rb7
55. Ra3 Rb1+ 56. Ke2 Be3 57. Rd3 Rb2+ 58. Kd1 Kd7 59. Nf6+ Kd8 60. Nd5 Kd7 61.
Nf6+ Kd8 62. Ng8 Rf2 63. Nxh6 Rxf3 64. Nf7+ {Black resigns} 1-0

[Event "Team 45 45 League T64"]
[Site "Internet Chess Club"]
[Date "2015.04.14"]
[Round "6"]
[White "Innes"]
[Black "Beetlejuice"]
[Result "1-0"]
[WhiteElo "1648"]
[BlackElo "1794"]
[Opening "Sicilian: Smith-Morra gambit"]
[ECO "B21"]
[Time "16:02:36"]
[TimeControl "2700+45"]

1. e4 c5 2. d4 cxd4 3. c3 dxc3 4. Nxc3 Nc6 5. Bc4 d6 6. Nf3 a6 7. O-O Nf6 8. Be3
Bg4 9. h3 Bxf3 10. gxf3 e6 11. Kh2 Qc7 12. f4 Be7 13. Rc1 O-O 14. Rg1 Qa5 15.
Rg5 Qd8 16. Qg1 g6 17. f5 Ne5 18. Be2 Kh8 19. f4 Nc6 20. fxg6 hxg6 21. f5 Ne5
22. Qf2 Kg7 23. Rcg1 Rh8 24. fxg6 Nxg6 25. Qg2 Kf8 26. Bd3 e5 27. Bc4 Qc8 28.
Bxf7 Kxf7 29. Rxg6 Qd7 30. Rg7+ Ke8 31. Bb6 Qe6 32. Qg6+ Kd7 33. Rg3 Rag8 34.
Nd5 Rxg7 35. Qxg7 Nxd5 36. exd5 Qf6 37. Qg4+ Ke8 38. Rf3 Qg5 39. Qc8+ Bd8 40.
Qe6+ Be7 41. Qc8+ Bd8 42. Bxd8 Qxd8 43. Qe6+ Qe7 44. Qg6+ Kd8 45. Rf7 {Black
resigns} 1-0

[Event "Team 45 45 League T64"]
[Site "Internet Chess Club"]
[Date "2015.04.12"]
[Round "6"]
[White "CaoCao"]
[Black "atiroaoj"]
[Result "1-0"]
[WhiteElo "1948"]
[BlackElo "1819"]
[Opening "Caro-Kann: Steinitz variation"]
[ECO "B17"]
[Time "08:01:22"]
[TimeControl "2700+45"]

1. e4 c6 2. d4 d5 3. Nc3 dxe4 4. Nxe4 Nd7 5. Nf3 Ngf6 6. Ng3 e6 7. Bd3 c5 8. c3
cxd4 9. cxd4 Bd6 10. O-O O-O 11. Qe2 b6 12. Bg5 Bb7 13. Ne5 Qb8 14. Nxd7 Nxd7
15. Qh5 g6 16. Qh4 Re8 17. Ne4 Bf8 18. Bb5 f5 19. Nf6+ Nxf6 20. Bxf6 Qd6 21.
Bxe8 Rxe8 22. Be5 Qd5 23. f3 Be7 24. Qh6 Bf8 25. Qf4 Be7 26. h4 Qd8 27. Bc7 Qd5
28. a3 Kf7 29. Be5 Kg8 30. Rac1 Qd8 31. Rc7 Ba6 32. Qh6 {Black resigns} 1-0

[Event "Team 45 45 League T64"]
[Site "Internet Chess Club"]
[Date "2015.04.12"]
[Round "6"]
[White "Philly-Boy"]
[Black "achessman"]
[Result "0-1"]
[WhiteElo "1734"]
[BlackElo "1955"]
[Opening "QGD: semi-Slav, Noteboom variation"]
[ECO "D31"]
[Time "21:01:42"]
[TimeControl "2700+45"]

1. d4 d5 2. c4 e6 3. Nc3 c6 4. Nf3 dxc4 5. e4 b5 6. a4 Bb4 7. Be2 Nf6 8. Qc2 Bb7
9. O-O Bxc3 10. bxc3 O-O 11. e5 Nd5 12. Ng5 g6 13. Ne4 a6 14. Nd6 Qc7 15. Bh6
Rd8 16. Bf3 Rxd6 17. exd6 Qxd6 18. Rfe1 Nd7 19. Rab1 N7b6 20. axb5 cxb5 21. h4
Bc6 22. h5 Ne7 23. Bxc6 Qxc6 24. hxg6 hxg6 25. Qd2 Nbd5 26. g4 a5 27. Qg5 f6 28.
Qd2 Kf7 29. g5 Nf5 30. Kf1 b4 31. cxb4 axb4 32. gxf6 b3 33. Ra1 c3 34. Qg5 b2
35. Rxa8 Qxa8 36. Bg7 c2 {White resigns} 0-1

[Event "Team 45 45 League T64"]
[Site "Internet Chess Club"]
[Date "2015.04.09"]
[Round "6"]
[White "Frankly"]
[Black "qs16"]
[Result "0-1"]
[WhiteElo "1769"]
[BlackElo "1845"]
[Opening "QGD: Neo-orthodox variation, 7.Bh4"]
[ECO "D56"]
[Time "14:00:51"]
[TimeControl "2700+45"]

1. d4 Nf6 2. c4 e6 3. Nc3 d5 4. Bg5 Be7 5. e3 O-O 6. Nf3 h6 7. Bh4 Nc6 8. a3 a6
9. Rc1 Re8 10. Qc2 dxc4 11. Bxc4 Nd5 12. Bxe7 Rxe7 13. O-O Nxc3 14. Qxc3 Nb8 15.
Rfd1 c6 16. d5 exd5 17. Bxd5 Qc7 18. Ba2 Bg4 19. Rd4 Bxf3 20. gxf3 Nd7 21. Rg4
Qe5 22. Qb4 Nf6 23. Rf4 Rae8 24. Rc5 Qd6 25. Rd4 Qc7 26. Qd2 Qc8 27. Rh4 Rd7 28.
Qc2 Qd8 29. Rxh6 gxh6 30. Qg6+ Kf8 31. Qxh6+ Ke7 32. Re5+ Kd6 33. Rxe8 Qxe8 34.
Qxf6+ Kc7 35. Qf4+ Kc8 36. Kf1 Rd1+ 37. Kg2 Qe7 38. Bxf7 Rd6 39. Qg4+ Kc7 40.
Qf4 Kb8 41. Bh5 Ka8 42. Bg4 Qd8 43. Qb4 Rd5 44. Qc4 Rb5 45. b4 Qd2 46. h3 Rd5
47. e4 Rd3 48. Qg8+ Ka7 49. Qf8 Rc3 50. Qe7 Rc2 51. Qh4 Ra2 52. Bc8 Kb8 53. Be6
Rxa3 54. Qh8+ Ka7 55. Qe5 Qxb4 56. h4 Ra5 57. Qc7 Ra1 58. Bc8 Qb1 59. Qf7 Qh1+
60. Kg3 Rg1+ 61. Kf4 Qxh4+ 62. Ke3 Qg5+ 63. f4 Qc5+ 64. Ke2 Qc2+ 65. Kf3 Qd3#
{White checkmated} 0-1

[Event "Team 45 45 League T64"]
[Site "Internet Chess Club"]
[Date "2015.04.13"]
[Round "6"]
[White "cityprosecutor"]
[Black "ghostfire"]
[Result "1-0"]
[WhiteElo "1832"]
[BlackElo "1683"]
[Opening "Scotch: Göring gambit, Bardeleben variation"]
[ECO "C44"]
[Time "22:01:37"]
[TimeControl "2700+45"]

1. e4 e5 2. Nf3 Nc6 3. d4 exd4 4. c3 dxc3 5. Bc4 Nf6 6. Nxc3 Bb4 7. e5 Qe7 8.
O-O Bxc3 9. exf6 Bxf6 10. Re1 Ne5 11. Nxe5 Bxe5 12. Qd5 d6 13. f4 Be6 14. Qxb7
Bd4+ 15. Kh1 O-O 16. Qe4 Qf6 17. Bxe6 fxe6 18. Qxe6+ Qxe6 19. Rxe6 Rxf4 20. Bxf4
Bxb2 21. Rae1 Kf8 22. Rb1 Bf6 23. Rb7 Kf7 24. Re1 Bd8 25. Bxd6 Kg6 26. Bxc7 Bf6
27. Rb8 Rxb8 28. Bxb8 a5 29. Re6 Kf5 30. Ra6 Bc3 31. Bc7 {Black resigns} 1-0

[Event "Team 45 45 League T64"]
[Site "Internet Chess Club"]
[Date "2015.04.14"]
[Round "6"]
[White "G-force"]
[Black "TileGuy"]
[Result "1-0"]
[WhiteElo "2087"]
[BlackElo "1960"]
[Opening "Sicilian: closed"]
[ECO "B23"]
[Time "21:00:59"]
[TimeControl "2700+45"]

1. e4 c5 2. Nc3 d6 3. f4 Nc6 4. Nf3 Nf6 5. Bc4 e6 6. Qe2 Be7 7. d3 O-O 8. O-O a6
9. a3 b5 10. Ba2 d5 11. e5 Ne8 12. Qf2 f5 13. Ne2 Bb7 14. c3 c4 15. dxc4 dxc4
16. Be3 Nc7 17. Bb6 Qb8 18. b3 Nd5 19. bxc4 Nxb6 20. Qxb6 Qc8 21. cxb5 Nd8 22.
Kh1 Bc5 23. Qa5 axb5 24. Qxb5 Rxa3 25. Nfd4 Bxd4 26. cxd4 Qa8 27. Bxe6+ Nxe6 28.
Rxa3 Bxg2+ 29. Kg1 Qxa3 30. Kxg2 Ra8 31. Qc4 Qa2 32. Qxa2 Rxa2 33. Kf3 g5 34. d5
g4+ 35. Ke3 Ra3+ 36. Kd2 Nc5 37. Nc3 Ne4+ 38. Nxe4 fxe4 39. d6 Kf7 40. f5 Rd3+
41. Ke2 Rd5 42. e6+ {Black resigns} 1-0

[Event "Team 45 45 League T64"]
[Site "Internet Chess Club"]
[Date "2015.04.09"]
[Round "6"]
[White "PuzzleMaster"]
[Black "RubberDuck"]
[Result "1-0"]
[WhiteElo "1975"]
[BlackElo "1896"]
[Opening "Sicilian: dragon, Yugoslav attack, 7...O-O"]
[ECO "B76"]
[Time "15:04:05"]
[TimeControl "2700+45"]

1. e4 c5 2. Nf3 d6 3. d4 cxd4 4. Nxd4 Nf6 5. Nc3 g6 6. Be3 Bg7 7. f3 O-O 8. Qd2
Bd7 9. O-O-O Nc6 10. h4 h5 11. Kb1 Rc8 12. g4 a6 13. Nxc6 Rxc6 14. g5 Ne8 15.
Nd5 b5 16. Nb4 Rc8 17. Nxa6 Ra8 18. Nb4 Qa5 19. Bd4 Bxd4 20. Qxd4 Nc7 21. a3 Ne6
22. Qd2 Rfc8 23. Bh3 Rc4 24. Nd5 Kf8 25. Qxa5 Rxa5 26. Nb6 Rc7 27. e5 Rb7 28.
Nxd7+ Rxd7 29. exd6 Rxd6 30. Rxd6 exd6 31. Rd1 Ra6 32. Bf1 Rb6 33. b4 Ke7 34.
Kb2 f6 35. gxf6+ Kxf6 36. Rd5 Nc7 37. Rg5 d5 38. Bd3 Kf7 39. f4 d4 40. f5 gxf5
41. Rxf5+ Ke6 42. Rxh5 {Black resigns} 1-0

[Event "Team 45 45 League T64"]
[Site "Internet Chess Club"]
[Date "2015.04.10"]
[Round "6"]
[White "SaltofLife"]
[Black "fishhead"]
[Result "0-1"]
[WhiteElo "1926"]
[BlackElo "1850"]
[Opening "King's Indian: Torre attack"]
[ECO "A48"]
[Time "14:34:38"]
[TimeControl "2700+45"]

1. d4 Nf6 2. Nf3 g6 3. Bg5 Ne4 4. Bh4 Bg7 5. Nbd2 d5 6. e3 c5 7. c3 O-O 8. Nxe4
dxe4 9. Nd2 f5 10. Bc4+ Kh8 11. dxc5 Qc7 12. Nb3 Rd8 13. Qe2 Nc6 14. O-O Ne5 15.
Bg3 Bd7 16. Rfd1 Qc8 17. Bxe5 Bxe5 18. Rd5 Qc7 19. g3 Bf6 20. Rad1 e6 21. R5d2
e5 22. Bd5 a5 23. Qc4 a4 24. Na1 Be8 25. Qb4 Rab8 26. Nc2 Be7 27. c4 Bxc5 28.
Qc3 Kg7 29. b4 axb3 30. axb3 Be7 31. b4 Ba4 32. Ra1 Bxc2 33. Rxc2 b5 34. Rca2
Rxd5 35. Ra7 Qxc4 36. Rxe7+ Kf6 37. Rc7 Qxc3 38. Rxc3 Rb7 39. h4 Rd3 40. Rc6+
Kg7 41. Rb1 f4 42. gxf4 exf4 43. exf4 Rf7 44. Rc5 Rxf4 45. h5 Rd2 46. hxg6 hxg6
47. Rf1 Rg4+ 48. Kh1 Kf6 49. Ra1 Rxf2 50. Ra6+ Kg7 51. Rc7+ Kh6 52. Rc3 Rf3 53.
Rxf3 exf3 54. Rf6 Rxb4 55. Rxf3 Rb2 56. Rd3 Kg5 57. Rd4 Kf5 58. Kg1 g5 59. Kf1
g4 60. Ke1 g3 61. Kf1 b4 62. Rd8 Rf2+ 63. Kg1 b3 64. Rb8 b2 65. Rb5+ Ke4 66.
Rb4+ Kd5 67. Rb3 Rc2 {White resigns} 0-1

[Event "Team 45 45 League T64"]
[Site "Internet Chess Club"]
[Date "2015.04.11"]
[Round "6"]
[White "DOXDURAN"]
[Black "fledermaus"]
[Result "0-1"]
[WhiteElo "1735"]
[BlackElo "1928"]
[Opening "QGD: 3...Nf6"]
[ECO "D35"]
[Time "10:06:33"]
[TimeControl "2700+45"]

1. c4 e6 2. Nc3 d5 3. d4 Nf6 4. f3 c5 5. e3 Nc6 6. cxd5 exd5 7. Bb5 Be7 8. Nge2
O-O 9. O-O Qb6 10. Kh1 Rd8 11. Bd3 Qc7 12. a3 b6 13. b3 cxd4 14. Nb5 Qd7 15.
Nbxd4 Nxd4 16. Nxd4 Bb7 17. Bb2 a6 18. Rc1 Rac8 19. Qe2 Rxc1 20. Rxc1 Rc8 21.
Bxa6 Rxc1+ 22. Bxc1 Qc8 23. Bb2 Bxa6 24. Qd2 Ne8 25. g4 Bf6 26. Nf5 Qe6 27. h4
Bxb2 28. Qxb2 Qf6 29. Qd2 Qa1+ 30. Kg2 Qf1+ 31. Kg3 Qd3 32. Qb4 Qb5 33. Qe7 Bc8
34. Nd4 Qd7 35. Qb4 Qd6+ 36. Qxd6 Nxd6 37. Kf4 f6 38. Nc6 Kf7 39. b4 Bd7 40. Nd4
Nc4 41. e4 dxe4 42. Kxe4 Nxa3 43. Kd5 Nb5 44. Nc6 Nc3+ 45. Kd6 Bxc6 46. Kxc6 b5
47. f4 Ke6 48. Kc5 f5 49. Kd4 Na2 50. g5 Nxb4 51. Kc5 Nd5 {White resigns} 0-1

[Event "Team 45 45 League T64"]
[Site "Internet Chess Club"]
[Date "2015.04.09"]
[Round "6"]
[White "JefferyChess"]
[Black "f5"]
[Result "0-1"]
[WhiteElo "1658"]
[BlackElo "2073"]
[Opening "Sicilian: Pelikan (Lasker/Sveshnikov) variation"]
[ECO "B33"]
[Time "22:31:01"]
[TimeControl "2700+45"]

1. e4 c5 2. Nf3 Nc6 3. d4 cxd4 4. Nxd4 Nf6 5. Nc3 e5 6. Nb3 Bb4 7. Bd3 d5 8.
exd5 Nxd5 9. Bd2 Nxc3 10. Bxc3 Bxc3+ 11. bxc3 O-O 12. O-O Qg5 13. Qd2 Qxd2 14.
Nxd2 Be6 15. Nf3 f6 16. Rfe1 Rfe8 17. Nd2 b6 18. Bc4 Na5 19. Bxe6+ Rxe6 20. Re3
Rc6 21. Rh3 Rac8 22. Nb3 Nb7 23. Kf1 Rxc3 24. Rxc3 Rxc3 25. Rc1 Kf7 26. Ke2 Nd6
27. f3 a5 28. Kd2 Rc6 29. Kd3 Nc4 30. Nd2 Nb2+ 31. Ke2 b5 32. Nb3 Nc4 33. Nd2
Na3 34. Kd3 b4 35. Nb1 Rd6+ 36. Ke2 Nb5 37. Ke1 Ke6 38. c3 bxc3 39. Nxc3 Rc6 40.
Kd2 Rxc3 41. Rxc3 Nxc3 42. Kxc3 Kd5 43. Kd3 f5 44. a3 a4 45. g3 g6 46. h3 g5 47.
g4 f4 48. Kc3 e4 49. fxe4+ Kxe4 50. Kb4 f3 51. Kxa4 f2 52. Kb5 f1=Q+ 53. Kb4 Kd4
54. a4 Qb1+ 55. Ka5 Kc5 56. h4 Qb6# {White checkmated} 0-1

[Event "Team 45 45 League T64"]
[Site "Internet Chess Club"]
[Date "2015.04.09"]
[Round "6"]
[White "santiagoelawad"]
[Black "hood"]
[Result "1/2-1/2"]
[WhiteElo "1999"]
[BlackElo "1965"]
[Opening "English opening"]
[ECO "A36"]
[Time "16:32:49"]
[TimeControl "2700+45"]

1. c4 g6 2. Nc3 c5 3. g3 Nc6 4. Bg2 d6 5. a3 Bg7 6. Rb1 Nf6 7. b4 cxb4 8. axb4
a5 9. b5 Nb4 10. Ba3 Bf5 11. d3 d5 12. Bxb4 axb4 13. Nxd5 Nxd5 14. Bxd5 Bc3+ 15.
Kf1 Qc7 16. Bf3 O-O 17. e4 Be6 18. Ne2 Ra2 19. Kg2 Rd2 20. Qc1 Rxd3 21. Nf4 Rd2
22. Nd5 Qc5 23. Rf1 Ra8 24. Nxc3 bxc3 {Game drawn by mutual agreement} 1/2-1/2

[Event "Team 45 45 League T64"]
[Site "Internet Chess Club"]
[Date "2015.04.09"]
[Round "6"]
[White "SAC2001"]
[Black "Freitac"]
[Result "0-1"]
[WhiteElo "1788"]
[BlackElo "1913"]
[Opening "Caro-Kann: classical, Spassky variation"]
[ECO "B19"]
[Time "18:30:37"]
[TimeControl "2700+45"]

1. e4 c6 2. d4 d5 3. Nc3 dxe4 4. Nxe4 Bf5 5. Ng3 Bg6 6. h4 h6 7. Nf3 Nd7 8. h5
Bh7 9. Bd3 Bxd3 10. Qxd3 e6 11. Bd2 Ngf6 12. O-O-O Be7 13. c3 O-O 14. Ne4 Nxe4
15. Qxe4 Nf6 16. Qe2 Qd5 17. Kb1 Qe4+ 18. Qxe4 Nxe4 19. Be3 Rfd8 20. g4 c5 21.
Rhe1 Rac8 22. Ne5 Nf6 23. f4 Nd5 24. Bc1 cxd4 25. cxd4 Nb4 26. a3 Nc6 27. Rf1
Nxd4 28. Be3 Bc5 29. b4 Bb6 30. g5 Nc6 31. Bxb6 axb6 32. Nc4 Kf8 33. Nxb6 Rxd1+
34. Rxd1 Rd8 35. Rxd8+ Nxd8 36. Kc2 Ke7 37. Kd3 f6 38. g6 Kd6 39. Ke4 Nc6 40.
Nc4+ Kd7 41. f5 exf5+ 42. Kxf5 Nd4+ 43. Ke4 Nc6 44. Ne3 Nd8 45. Nf5 Ne6 46. a4
Kc7 47. a5 Kc6 48. Ne7+ Kb5 49. Nd5 Kc4 50. Nf4 Ng5+ 51. Kf5 Kxb4 52. Nd5+ Kxa5
53. Nxf6 b5 54. Nd5 b4 55. Ke5 Kb5 56. Kd4 Nf3+ 57. Ke3 Ne5 58. Kd2 Kc5 59. Ne7
Nf3+ 60. Kc2 Ng5 61. Nf5 Ne6 62. Kb2 Kd5 63. Ne7+ Ke4 64. Nc6 Nf4 65. Nxb4 Nxh5
66. Nc6 Kf5 67. Nd4+ Kxg6 68. Nf3 Kf5 {White resigns} 0-1

[Event "Team 45 45 League T64"]
[Site "Internet Chess Club"]
[Date "2015.04.09"]
[Round "6"]
[White "primerpaso"]
[Black "joebobpop"]
[Result "1-0"]
[WhiteElo "1862"]
[BlackElo "1886"]
[Opening "English: Anglo-Grünfeld, Smyslov defense"]
[ECO "A16"]
[Time "22:09:40"]
[TimeControl "2700+45"]

1. c4 Nf6 2. Nc3 d5 3. cxd5 Nxd5 4. g3 g6 5. Bg2 Nxc3 6. bxc3 Bg7 7. Rb1 c6 8.
e4 O-O 9. d4 c5 10. Ne2 Nc6 11. Be3 cxd4 12. cxd4 Qc7 13. O-O Rd8 14. Qc2 Qa5
15. d5 Ne5 16. Rfc1 b6 17. Nd4 Bd7 18. Bd2 Qa4 19. Qxa4 Bxa4 20. Nb5 Nd3 21. Rc7
Bxb5 22. Rxb5 Be5 23. Rc4 Rac8 24. Ra4 Rc2 25. Be3 Rd7 26. Bf1 Nc5 27. Bxc5 bxc5
28. Rc4 Rxc4 29. Bxc4 Bd4 30. Kg2 Kg7 31. f4 f6 32. a4 g5 33. a5 Kf7 34. a6 Ke8
35. Rb8+ Kf7 36. Rb7 Rd6 37. Rxa7 Rb6 38. Rb7 Rb4 39. a7 Rxb7 40. a8=Q Rb2+ 41.
Kf1 Rxh2 42. d6+ e6 43. d7 Rh1+ 44. Ke2 Rh2+ 45. Kd3 {Black resigns} 1-0

[Event "Team 45 45 League T64"]
[Site "Internet Chess Club"]
[Date "2015.04.11"]
[Round "6"]
[White "Zhbugnoimt"]
[Black "Magnus87"]
[Result "0-1"]
[WhiteElo "2061"]
[BlackElo "2139"]
[Opening "Four knights: Italian variation"]
[ECO "C47"]
[Time "11:33:46"]
[TimeControl "2700+45"]

1. e4 Nf6 2. Nc3 e5 3. Nf3 Nc6 4. Bc4 Bb4 5. d3 d6 6. O-O Bxc3 7. bxc3 O-O 8.
Bg5 h6 9. Bh4 Qe7 10. Re1 a6 11. Qd2 Bg4 12. d4 Bxf3 13. gxf3 g5 14. Kh1 Nh5 15.
Rg1 Kh7 16. Bg3 Qf6 17. Be2 exd4 18. Rab1 Rab8 19. Qd3 Kh8 20. c4 Nf4 21. Bxf4
Qxf4 22. a3 f5 23. exf5 Qxf5 24. Qxf5 Rxf5 25. Bd3 Rxf3 26. Be4 Rff8 27. f4 Rbe8
28. Bg6 Re6 29. f5 Re7 30. h4 gxh4 31. Rxb7 Ne5 32. Ra7 Nxg6 33. fxg6 Rf2 34.
Rxa6 Rxc2 35. a4 d3 36. a5 d2 {White resigns} 0-1

[Event "Team 45 45 League T64"]
[Site "Internet Chess Club"]
[Date "2015.04.14"]
[Round "6"]
[White "MeWantCookie"]
[Black "Percival"]
[Result "1-0"]
[WhiteElo "2123"]
[BlackElo "2139"]
[Opening "French: Two knights variation"]
[ECO "C00"]
[Time "06:33:37"]
[TimeControl "2700+45"]

1. e4 e6 2. Nf3 d5 3. Nc3 dxe4 4. Nxe4 Nd7 5. d4 Ngf6 6. Bd3 Nxe4 7. Bxe4 Nf6 8.
Bd3 c5 9. Be3 cxd4 10. Bxd4 Be7 11. O-O Bd7 12. Qe2 Bc6 13. Rad1 Qa5 14. Ne5 O-O
15. Nxc6 bxc6 16. a3 Rfd8 17. c3 c5 18. Be5 Rac8 19. Rfe1 Nd7 20. Bg3 Nf8 21.
Ba6 Rxd1 22. Rxd1 Rd8 23. Rxd8 Qxd8 24. Qd3 Qb6 25. Qb5 Bd8 26. h3 f6 27. Qe8
Bc7 28. Bxc7 Qxc7 29. Bc4 Qe5 30. Qa8 Qe1+ 31. Bf1 Qe5 32. Qxa7 Ng6 33. a4 Nf4
34. g3 Nd5 35. Qxc5 Qe4 36. Qd4 Qb1 37. b4 Qa1 38. a5 Nxc3 39. Kg2 Qa3 40. Bc4
Kf7 41. Qd7+ Kg6 42. Bxe6 Qxb4 43. Bf7+ Kh6 44. Qd2+ g5 45. a6 Qe4+ 46. Kh2 Nb5
47. Qd5 Qe2 48. Qf5 Kg7 49. Bh5 Qa2 50. Qxb5 Qxf2+ 51. Kh1 Qe1+ 52. Kg2 {Black
resigns} 1-0

[Event "Team 45 45 League T64"]
[Site "Internet Chess Club"]
[Date "2015.04.10"]
[Round "6"]
[White "SimplyClaudia"]
[Black "f5"]
[Result "0-1"]
[WhiteElo "2080"]
[BlackElo "2090"]
[Opening "Dutch, Manhattan (Alapin, Ulvestad) variation"]
[ECO "A80"]
[Time "22:00:28"]
[TimeControl "2700+45"]

1. d4 f5 2. Qd3 d5 3. g4 fxg4 4. h3 c6 5. Nc3 g6 6. Bf4 Nf6 7. O-O-O Bf5 8. Qd2
Nbd7 9. hxg4 Bxg4 10. f3 Be6 11. Bh3 Bxh3 12. Nxh3 Bg7 13. Ng5 Nf8 14. e4 Qd7
15. e5 Nh5 16. Rde1 Qf5 17. Be3 Ne6 18. Nxe6 Qxe6 19. Qg2 Qf5 20. Rh4 Rf8 21.
Rf1 O-O-O 22. Rg4 e6 23. Ne2 Qf7 24. Nf4 Nxf4 25. Rxf4 Qg8 26. Rh4 Rd7 27. Rfh1
Qf7 28. f4 h5 29. Rg1 Qe7 30. Qg5 Rh8 31. Qxe7 Rxe7 32. Rxg6 Bf8 33. Kd2 Kd7 34.
Ke2 Rg7 35. Rxg7+ Bxg7 36. Kf3 Ke7 37. Rh2 Kf7 38. Bf2 Bf8 39. Bh4 c5 40. c3 b5
41. Bf6 Rh7 42. f5 exf5 43. Kf4 Ke6 44. Kg5 cxd4 45. cxd4 Rc7 46. Rxh5 Rc2 47.
Rh8 Rg2+ 48. Kf4 Rg4+ 49. Kf3 Kf7 50. Rh7+ Kg6 51. Rh4 Re4 52. Rh8 Bh6 53. Rg8+
Kf7 54. Ra8 Rxd4 55. Rxa7+ Kg6 56. Bh8 Rd3+ 57. Kf2 Be3+ 58. Ke2 Bxa7 59. Kxd3
f4 60. b4 Kf5 61. a3 f3 62. Bf6 Bd4 63. Bg7 Bxe5 64. Bxe5 Kxe5 65. Ke3 f2 66.
Kxf2 Kd4 67. Ke2 Kc4 68. Kd2 Kb3 69. Kd3 Kxa3 70. Kc3 Ka4 71. Kd4 Kxb4 72. Kxd5
Kc3 73. Kc5 b4 {White resigns} 0-1

[Event "Team 45 45 League T64"]
[Site "Internet Chess Club"]
[Date "2015.04.17"]
[Round "6"]
[White "justinchess"]
[Black "Knight77"]
[Result "1-0"]
[WhiteElo "2411"]
[BlackElo "1724"]
[Opening "King's Indian: fianchetto, classical variation, 8.e4"]
[ECO "E68"]
[Time "20:28:22"]
[TimeControl "2700+45"]

1. Nf3 Nf6 2. c4 g6 3. d4 Bg7 4. Nc3 O-O 5. g3 d6 6. Bg2 Nbd7 7. O-O e5 8. e4 h6
9. b3 c6 10. Bb2 Qe7 11. Qd2 Rd8 12. Rad1 exd4 13. Nxd4 Nf8 14. f4 Bg4 15. Rde1
N8h7 16. h3 Bd7 17. Qf2 Nh5 18. Nc2 g5 19. Qf3 N7f6 20. e5 dxe5 21. fxe5 Qc5+
22. Re3 Nxg3 23. Qxg3 Nh5 24. Qf2 Nf4 25. Ne4 Qa5 26. h4 {Black resigns} 1-0

[Event "Team 45 45 League T64"]
[Site "Internet Chess Club"]
[Date "2015.04.15"]
[Round "6"]
[White "ANGELLR"]
[Black "Puffy"]
[Result "0-1"]
[WhiteElo "1822"]
[BlackElo "2195"]
[Opening "Queen's pawn"]
[ECO "A40"]
[Time "19:45:34"]
[TimeControl "2700+45"]

1. d4 e6 2. c4 c5 3. d5 exd5 4. cxd5 d6 5. Nc3 a6 6. a4 g6 7. Nf3 Bg7 8. e4 Bg4
9. h3 Bxf3 10. Qxf3 Nd7 11. Bf4 Ne5 12. Qd1 Ne7 13. Be2 O-O 14. O-O f5 15. Qd2
Qd7 16. Bh2 fxe4 17. Nxe4 Nf5 18. Rfe1 Nd4 19. Ra3 b5 20. axb5 axb5 21. Rxa8
Rxa8 22. f4 Nc4 23. Bxc4 bxc4 24. Kh1 Ra2 25. Nc3 Nb3 26. Qc2 Nd4 27. Qf2 Ra8
28. Qf1 Rb8 29. Qxc4 Rxb2 30. Qa6 Nc2 31. Rc1 Bxc3 32. Qd3 Bd4 33. Bg3 Ne3 34.
Re1 Rxg2 35. f5 Rxg3 36. Rb1 Rxh3+ 37. Kg1 Qxf5 38. Rb8+ Kg7 39. Qa6 Rg3+ {White
resigns} 0-1

[Event "Team 45 45 League T64"]
[Site "Internet Chess Club"]
[Date "2015.04.11"]
[Round "6"]
[White "searchforbobby1"]
[Black "santiagoelawad"]
[Result "1-0"]
[WhiteElo "2082"]
[BlackElo "1986"]
[Opening "Caro-Kann: Tartakower (fantasy) variation"]
[ECO "B12"]
[Time "09:08:06"]
[TimeControl "2700+45"]

1. e4 c6 2. d4 d5 3. f3 g6 4. Nc3 Bg7 5. Be3 dxe4 6. fxe4 Nf6 7. Nf3 O-O 8. h3
Ne8 9. Qd2 b5 10. Bd3 Nd6 11. O-O Nd7 12. Bh6 b4 13. Ne2 c5 14. Bxg7 Kxg7 15. c3
bxc3 16. bxc3 cxd4 17. cxd4 Nb6 18. Rac1 Bb7 19. Ng3 Rc8 20. Rxc8 Qxc8 21. Rc1
Qa8 22. Re1 e6 23. Qg5 Qd8 24. Nh5+ Kh8 25. Qh6 gxh5 26. Ng5 Qxg5 27. Qxg5 f6
28. Qh6 Rf7 29. e5 Ne8 30. exf6 Bd5 31. Bxh7 Nxf6 32. Bg6+ Rh7 33. Bxh7 Nxh7
{Black resigns} 1-0

[Event "Team 45 45 League T64"]
[Site "Internet Chess Club"]
[Date "2015.04.12"]
[Round "6"]
[White "primerpaso"]
[Black "Monterrey"]
[Result "0-1"]
[WhiteElo "1853"]
[BlackElo "2025"]
[Opening "English: Anglo-Dutch defense"]
[ECO "A10"]
[Time "18:00:33"]
[TimeControl "2700+45"]

1. c4 f5 2. Nc3 Nf6 3. g3 e6 4. Bg2 d5 5. d4 c6 6. Nf3 Bd6 7. cxd5 exd5 8. Ne5
O-O 9. Bf4 Be6 10. O-O Nh5 11. e3 Nxf4 12. gxf4 Nd7 13. Kh1 Nf6 14. Bf3 Ne4 15.
Nxe4 dxe4 16. Be2 Qh4 17. Bc4 Bxc4 18. Nxc4 Rf6 19. Qb3 Kh8 20. Rg1 Qxf2 21.
Qxb7 Rg8 22. Raf1 Qe2 23. Qb3 Rh6 {White resigns} 0-1